 Dungeon Crawl Stone Soup version 0.27.0-66-gdc8fb28755 (webtiles) character file.

Game seed: 361764476477994053

169 pkoi the Slasher (level 5, 0/67 HPs)
             Began as a Minotaur Gladiator on Aug 21, 2021.
             Killed from afar by a steam dragon (3 damage)
             ... with a ball of steam
             ... on level 3 of the Dungeon.
             The game lasted 00:02:28 (2581 turns).

pkoi the Slasher (Minotaur Gladiator)               Turns: 2581, Time: 00:02:29

Health: 0/67       AC: 22    Str: 20    XL:     5   Next: 25%
Magic:  4/4        EV:  2    Int:  5    God:
Gold:   139        SH:  0    Dex: 11    Spells: 4/4 levels left

rFire    . . .     SeeInvis .   a - +1 long sword
rCold    . . .     Faith    .   (no shield)
rNeg     + + +     Spirit   .   (armour currently unavailable)
rPois    +         Reflect  .   (helmet currently unavailable)
rElec    .         Harm     .   (cloak currently unavailable)
rCorr    .         Rampage  .   (gloves currently unavailable)
Will     .....     NoTele   +   (boots currently unavailable)
Stlth    +.........             (no amulet)
HPRegen  0.21/turn              (no ring)
MPRegen  0.09/turn              (no ring)

@: tree-form
A: stationary, stasis, torment immunity, boosted hp, (horns 2), (retaliatory
headbutt)
a: no special abilities


You were on level 3 of the Dungeon.
You were a tree.
You visited 1 branch of the dungeon, and saw 4 of its levels.

You collected 139 gold pieces.

Inventory:

Hand Weapons
 a - a +1 long sword (weapon)
 e - a +0 hand crossbow
Missiles
 d - 3 throwing nets (quivered)
Armour
 c - a +0 hat (melded)
 f - a +0 plate armour (melded)
Scrolls
 g - 3 scrolls of teleportation
Potions
 b - a potion of flight


   Skills:
 + Level 3.5 Fighting
 * Level 5.3 Long Blades
 + Level 1.8 Crossbows
 - Level 2.2 Throwing
 + Level 2.4 Armour
 - Level 3.5 Dodging


You had 4 spell levels left.
You didn't know any spells.
Your spell library contained the following spells:

 Spells                   Type           Power      Damage    Failure   Level
 Animate Skeleton         Necr           0%         N/A       47%         1
 Apportation              Tloc           0%         N/A       47%         1
 Corona                   Hex            0%         N/A       47%         1
 Summon Small Mammal      Summ           0%         N/A       47%         1
 Blink                    Tloc           N/A        N/A       63%         2
 Dazzling Flash           Conj/Hex       0%         N/A       85%         3
 Lesser Beckoning         Tloc           0%         N/A       85%         3
 Portal Projectile        Hex/Tloc       0%         N/A       85%         3
 Cause Fear               Hex            0%         N/A       99%         4
 Iskenderun's Mystic Bla  Conj/Tloc      0%         2d3       99%         4
 Petrify                  Tmut/Erth      0%         N/A       99%         4
 Manifold Assault         Tloc           0%         N/A       100%        5
 Starburst                Conj/Fire      0%         6d3       100%        6
 Shatter                  Erth           0%         3d5*      100%        9


Dungeon Overview and Level Annotations

Branches:
Dungeon (4/15)
 Temple: D:4-7

Altars:


Innate Abilities, Weirdness & Mutations

You are a tree.
Your roots penetrate the ground, keeping you stationary.
You cannot be teleported.
You are immune to unholy pain and torment.
Your maximum health is greatly increased.
Your equipment is partially melded.
((You have a pair of horns on your head.))
((You reflexively headbutt those who attack you in melee.))


Message History

The steam dragon is lightly wounded.
The steam dragon bites you.
The steam dragon claws you but does no damage.
You hit the steam dragon. Your headbutt misses the steam dragon.
The steam dragon is moderately wounded.
The steam dragon bites you.
The steam dragon claws you but does no damage.
The steam dragon breathes steam at you. The ball of steam hits you.
You hit the steam dragon. You headbutt the steam dragon.
The steam dragon is moderately wounded.
You are engulfed in a cloud of scalding steam.
* * * LOW HITPOINT WARNING * * *
The steam dragon bites you!
* * * LOW HITPOINT WARNING * * *
The steam dragon claws you.
* * * LOW HITPOINT WARNING * * *
It was a potion of lignification.
You turn into a tree.
Your +0 hat melds into your body.
Your +0 plate armour melds into your body.
Your roots penetrate the ground.
You are engulfed in a cloud of scalding steam.
The steam dragon barely misses you.
You riposte.
You hit the steam dragon.
The steam dragon is heavily wounded.
The steam dragon claws you but does no damage.
You hit the steam dragon.
The steam dragon is severely wounded.
The steam dragon bites you but does no damage.
The steam dragon claws you but does no damage.
You hit the steam dragon but do no damage.
The steam dragon is severely wounded.
You are engulfed in a cloud of scalding steam.
* * * LOW HITPOINT WARNING * * *
The steam dragon bites you but does no damage.
The steam dragon claws you but does no damage.
You barely miss the steam dragon.
The steam dragon is severely wounded.
The steam dragon breathes steam at you. The ball of steam hits you.
You die...

###.....# #
#.##..# #.
#.##..# #
##.####.##..#
#
#......(##..#
#
#.....####..#
#
#..##.####..#
#
#........#.D#
#
#........#.♣#
#
#........#..#
#
#...........#
#
#........#.##
#..).....#.#
#..).......#
#.#####.####
#.# #.# #.#
#.#


You could see a steam dragon (catching breath).

Vanquished Creatures
  A centaur skeleton (D:4)
  An orc wizard (D:3)
  A gnoll (D:1)
  2 adders (D:2)
  An adder skeleton (D:2)
  A worm (D:2)
  3 dart slugs (D:1)
  8 orcs
  12 endoplasms
  7 goblins
  2 hobgoblins (D:1)
  2 quokkas
  3 ball pythons (D:1)
  7 bats
  8 frilled lizards
  6 kobolds
  5 rats
70 creatures vanquished.

Notes
Turn   | Place    | Note
-------+----------+-------------------------------------------
     0 | D:1      | pkoi the Minotaur Gladiator began the quest for the Orb.
     0 | D:1      | Reached XP level 1. HP: 18/18 MP: 0/0
    13 | D:1      | Reached XP level 2. HP: 20/25 MP: 1/1
   178 | D:1      | Reached skill level 4 in Long Blades
   184 | D:1      | Got Sif Muna's Tome of Beguiling and Stones
   467 | D:1      | Reached skill level 1 in Armour
   517 | D:1      | Reached XP level 3. HP: 29/30 MP: 2/2
  1045 | D:1      | Found a faded altar of an unknown god.
  1247 | D:2      | Reached skill level 1 in Crossbows
  1384 | D:2      | Reached XP level 4. HP: 38/38 MP: 3/3
  2256 | D:3      | Reached skill level 5 in Long Blades
  2377 | D:3      | Reached XP level 5. HP: 45/45 MP: 4/4
  2551 | D:3      | You fall into a shaft and drop 1 floor!
  2571 | D:4      | Noticed a steam dragon
  2580 | D:3      | HP: 2/67 [steam dragon] (3)]
  2581 | D:3      | Killed from afar by a steam dragon

Illustrated notes

Levels and vault maps discovered:
D:1:      onia_arrival_mini_maze_b, layout_loops_ring,
          shapermc_ecumenical_altar_mp_urbaneastern, corexii_corridor_pit,
          minmay_tromino_i4
D:2:      layout_basic
D:3:      layout_loops_ring
D:4:      layout_basic, mainiacjoe_overflow_catwalk, serial_shops, shop,
          nicolae_lakefront_shop, shop, uniq_ijyb, uniq_edmund, uniq_grinder

Skill      XL: |  1  2  3  4 |
---------------+-------------+-----
Long Blades    | 4 5 |  5.3
Armour         | 1 2 |  2.4
Fighting       | 3 |  3.5
Crossbows      | 1 |  1.8
Throwing       | |  2.2
Dodging        | |  3.5

Action                   |  1- 3 |  4- 6 || total
-------------------------+-------+-------++-------
Melee: Long sword        |    78 |    70 ||   148
       Headbutt          |     9 |     7 ||    16
  Use: Scroll            |     2 |     2 ||     4
       Potion            |       |     1 ||     1
Armor: Plate armour      |    37 |    49 ||    86
       Leather armour    |     1 |       ||     1
       Skin              |       |     6 ||     6
Dodge: Dodged            |    25 |    26 ||    51
       Rpst.: Long sword |     6 |     5 ||    11
